 Dungeon Crawl Stone Soup version 0.31-a0-702-gf82c85558f (webtiles) character file.

Game seed: 9057781437540564774

1656 crabbyslav the Cudgeller (level 8, -1/64 HPs)
             Began as a Demonspawn Chaos Knight on Sept 8, 2023.
             Was a Plaything of Xom.
             Slain by Jeremiah the unseen horror (8 damage)
             ... on level 6 of the Dungeon.
             The game lasted 00:07:05 (5243 turns).

crabbyslav the Cudgeller (Demonspawn Chaos Knight)  Turns: 5243, Time: 00:07:05

Health: -1/64      AC:  7    Str: 14    XL:     8   Next: 68%
Magic:  0/8        EV: 13    Int: 18    God:    Xom [.*....]
Gold:   201        SH:  0    Dex: 13    Spells: 7/7 levels left

rFire   . . .        g - +0 morningstar
rCold   . . .        (no shield)
rNeg    . . .        b - +2 leather armour
rPois   .            o - +1 hat
rElec   .            r - +0 cloak
rCorr   .            (no gloves)
SInv    .            (no boots)
Will    .....        (no amulet)
Stlth   ++           (no ring)
HPRegen 0.30/turn    (no ring)
MPRegen 0.22/turn

%: guardian spirit
@: hasted, very quick
A: horns 1, thin skeletal structure 1, foul stench 1, magic shield, magic
regeneration, clever 1
a: Renounce Religion


You were on level 6 of the Dungeon.
You worshipped Xom.
You were a plaything of Xom.
You visited 1 branch of the dungeon, and saw 6 of its levels.

You collected 201 gold pieces.

Inventory:

Hand Weapons
 a - a +1 mace of chaos
 c - a +2 flail of protection
 g - a +0 morningstar (weapon)
 h - a +4 quarterstaff of chaos
Missiles
 m - 4 throwing nets (quivered)
Armour
 b - a +2 leather armour (worn)
 o - a +1 hat (worn)
 r - a +0 cloak (worn)
Talismans
 k - a maw talisman
Scrolls
 l - a scroll of teleportation
Potions
 n - a potion of brilliance {unknown}


   Skills:
 + Level 5.7 Fighting
 * Level 7.0 Maces & Flails
 + Level 4.7 Armour
 + Level 4.5 Dodging


You had 7 spell levels left.
You didn't know any spells.
Your spell library contained the following spells:

 Spells                   Type           Power      Damage    Failure   Level
 Scorch                   Fire           0%         2d5       38%         2
 Flame Wave               Conj/Fire      0%         2d4       95%         4
 Summon Cactus Giant      Summ           0%         N/A       100%        6


Dungeon Overview and Level Annotations

Branches:
Dungeon (6/15)
 Temple: D:4-7

Altars:
Uskayaw
Xom
Yredelemnul

Annotations:
D:6 Jeremiah


Innate Abilities, Weirdness & Mutations

You have a pair of small horns on your head.
You have a somewhat thin skeletal structure. (Dex +2, Stealth+)
You may rarely emit foul miasma when damaged in melee.
When hurt, damage is shared between your health and your magic reserves.
You regenerate magic rapidly.
Your mind is acute. (Int +4, Str/Dex -1)


Message History

Gang up on whom?
Press: ? - help, Dir - move target, f - Grinder
Aim: Grinder Attack!
Something hits you but does no damage. Grinder gestures at you.
Pain shoots through your body! Something completely misses you.
Grinder gestures at you. Pain shoots through your body! Something hits you!
Something hits you but does no damage.
Grinder says, "DUCK!"
Grinder gestures at you.
You suddenly lose the ability to move!
Your large abomination disappears in a puff of smoke!
Something hits you.
You can move again.
You barely miss Grinder. Something hits you but does no damage.
Grinder hits you but does no damage. Something hits you!
You puncture Grinder! You headbutt Grinder.
Grinder is moderately wounded.
Something hits you. Grinder hits you but does no damage.
A jelly comes into view.
Something hits your large abomination but does no damage.
Grinder attacks as she pursues you! Grinder hits you!
* * * LOW HITPOINT WARNING * * *
Your large abomination hits Grinder!!
Grinder dies!
Your large abomination hits the jelly!!
The jelly dies!
You feel your intelligence returning.
Your Maces & Flails skill increases to level 7!
You hit something. You headbutt something. Something hits you.
* * * LOW HITPOINT WARNING * * *
It was a potion of haste.
You feel yourself speed up.
Xom roars with laughter!
Something hits you.
* * * LOW HITPOINT WARNING * * *
You emit a cloud of foul miasma!
Something hits you!
You die... "What!?
That's it?"

...........)..?........
........................
#........................
#........................
#..............#!........
##.......................#
#........................#
#............X...X.X......
##./......@...#............
#........☼X..##########....
##...........## ##### .
#......[....## # .
##..........## # ..
#..........## #
.5.##.........##
...#..........#
#......)......#


You could see 2 friendly large abominations.

Vanquished Creatures
  A water moccasin (D:5)
  3 ogres (D:5)
  A bullfrog (D:6)
  A scorpion (D:5)
  3 howler monkeys (D:5)
  2 orc priests (D:5)
  Crazy Yiuf (D:5)
  4 hounds
  2 gnoll boudas (D:5)
  2 iguanas (D:5)
  3 adders
  18 gnolls
  A shadow imp (D:5)
  A white imp (D:5)
  An ufetubus (D:5)
  A worm (D:3)
  A dart slug (D:2)
  17 orcs
  6 ball pythons
  6 bats
  2 endoplasms
  2 giant cockroaches
  3 goblins
  8 hobgoblins
  15 jackals
  4 kobolds
  5 quokkas
  7 frilled lizards
  11 rats
132 creatures vanquished.

Vanquished Creatures (collateral kills)
  Grinder (D:6)
  Sigmund (D:5)
  A jelly (D:6)
  A hobgoblin (D:4)
4 creatures vanquished.

Grand Total: 136 creatures vanquished

Notes
Turn   | Place    | Note
-------+----------+-------------------------------------------
     0 | D:1      | crabbyslav the Demonspawn Chaos Knight began the quest for
                  | the Orb.
     0 | D:1      | Reached XP level 1. HP: 18/18 MP: 1/1
    42 | D:1      | Reached skill level 1 in Dodging
    54 | D:1      | XOM: potion effect (berserk rage)
    69 | D:1      | Gained mutation: You regenerate magic rapidly. [demonic
                  | ancestry]
    69 | D:1      | Reached XP level 2. HP: 21/24 MP: 2/2
   102 | D:1      | Reached skill level 3 in Maces & Flails
   128 | D:1      | XOM: divination: detect items
   216 | D:1      | XOM: silly message
   250 | D:1      | XOM: divination: magic mapping
   509 | D:1      | XOM: silly message
   545 | D:1      | Gained mutation: When hurt, damage is shared between your
                  | health and your magic reserves. [demonic ancestry]
   545 | D:1      | Reached XP level 3. HP: 29/29 MP: 3/3
   664 | D:1      | XOM: 8-stop teleportation journey
   892 | D:2      | You fall into a shaft and drop 1 floor!
   993 | D:2      | XOM: god gift: rapier {god gift}
  1520 | D:2      | Gained mutation: You have a pair of small horns on your
                  | head. [demonic ancestry]
  1520 | D:2      | Reached XP level 4. HP: 35/35 MP: 4/4
  1593 | D:4      | Found a hide-covered altar of Uskayaw.
  1887 | D:3      | Found a basalt altar of Yredelemnul.
  2272 | D:5      | Entered Level 5 of the Dungeon
  2301 | D:4      | Noticed a yak
  2301 | D:4      | XOM: scenery: create altars
  2302 | D:4      | Noticed a yak
  2302 | D:4      | Noticed a yak
  2325 | D:4      | XOM: enchant monster (good)
  2414 | D:5      | Found a runed translucent door.
  2415 | D:5      | Noticed Crazy Yiuf
  2508 | D:5      | XOM: god gift: 2 darts of dispersal
  2519 | D:5      | XOM: 3-stop teleportation journey
  2533 | D:5      | Gained mutation: You have a somewhat thin skeletal
                  | structure. (Dex +2, Stealth+) [demonic ancestry]
  2533 | D:5      | Reached XP level 5. HP: 38/42 MP: 5/5
  2538 | D:5      | XOM: polymorph jackal -> bat
  2542 | D:5      | Reached skill level 4 in Maces & Flails
  2671 | D:5      | Noticed an ogre
  2704 | D:5      | Noticed an ogre
  2737 | D:5      | Noticed Sigmund
  2741 | D:5      | Reached XP level 6. HP: 45/48 MP: 6/6
  2770 | D:5      | Killed Sigmund
  3105 | D:5      | XOM: scenery: summon butterflies
  3113 | D:5      | Reached skill level 5 in Maces & Flails
  3113 | D:5      | Reached XP level 7. HP: 26/55 MP: 3/7
  3190 | D:5      | XOM: cloud trail
  3574 | D:5      | XOM: god gift: 5 gold pieces
  3769 | D:5      | XOM: silly message
  3781 | D:5      | XOM: summons friendly quasit
  4046 | D:5      | Reached skill level 5 in Fighting
  4047 | D:5      | Gained mutation: Your mind is acute. (Int +4, Str/Dex -1)
                  | [potion of mutation]
  4390 | D:5      | Reached skill level 6 in Maces & Flails
  4390 | D:5      | Gained mutation: You may rarely emit foul miasma when
                  | damaged in melee. [demonic ancestry]
  4390 | D:5      | Reached XP level 8. HP: 62/62 MP: 8/8
  4545 | D:5      | XOM: potion effect (haste)
  4887 | D:5      | Killed Crazy Yiuf
  4943 | D:5      | XOM: summons 1 hostile shadow creature
  4981 | D:6      | Noticed Jeremiah
  4984 | D:6      | Jeremiah changed into something unseen
  4984 | D:6      | XOM: polymorph Jeremiah -> something unseen
  4990 | D:6      | Noticed Grinder
  5178 | D:5      | XOM: stat loss: -1 Int (17/18)
  5211 | D:6      | XOM: cast spell 'Summon Horrible Things'
  5237 | D:6      | Paralysed by Grinder for 2 turns
  5241 | D:6      | Killed Grinder
  5242 | D:6      | Reached skill level 7 in Maces & Flails
  5243 | D:6      | Slain by Jeremiah the unseen horror

Illustrated notes

Levels and vault maps discovered:
D:1:      grunt_arrival_lava_bath, layout_basic, minmay_misc_feat_pillars
D:2:      layout_rooms, grunt_ministairs_3, minmay_misc_feat_square,
          kennysheep_cluttered_room
D:3:      layout_loops_ring, zin_scriptorium, mainiacjoe_overflow_brackets,
          roderic_roman_lattice, hangedman_abyss_or_decor_lesser_grid
D:4:      layout_loops_ring, nicolae_overflow_crystal_walls,
          nicolae_uskayaw_dance_hall
D:5:      lemuel_castle_with_subvaults [lemuel_castle_interior_carwin_2],
          layout_loops_ring, kennysheep_doodads, uniq_sigmund,
          uniq_crazy_yiuf_cottage
D:6:      layout_cave_pods, nicolae_qazlal_eye_of_the_storm, uniq_grinder,
          uniq_jeremiah

Skill      XL: |  1  2  3  4  5  6  7  8 |
---------------+-------------------------+-----
Dodging        | 1 2 3 4 |  4.5
Maces & Flails | 3 4 5 6 7 |  7.0
Armour         | 2 3 4 |  4.7
Fighting       | 4 5 |  5.7

Action                     |  1- 3 |  4- 6 |  7- 9 || total
---------------------------+-------+-------+-------++-------
  Melee: Mace              |   141 |   159 |   100 ||   400
         Punch             |     1 |     2 |     2 ||     5
         Headbutt          |       |    25 |    37 ||    62
         Flail             |       |       |    69 ||    69
         Morningstar       |       |       |    42 ||    42
  Throw: Throwing net      |       |       |     1 ||     1
    Use: Scroll            |       |     6 |     5 ||    11
         Potion            |       |     1 |     5 ||     6
   Stab: Paralysed         |     1 |     1 |       ||     2
         Sleeping          |       |       |     2 ||     2
         Held in net/web   |       |       |     1 ||     1
 Armour: Leather armour    |   100 |   128 |   158 ||   386
  Dodge: Dodged            |   104 |   131 |   147 ||   382
         Form:             |     1 |       |       ||     1
         Maw               |     1 |       |       ||     1

Table legend: (Time is in decaauts)
 A = Elapsed time spent in this place.
 B = Non-inter-level travel time spent in this place.
 C = Inter-level travel time spent in this place.
 D = Time resting spent in this place.
 E = Time spent auto-exploring this place.
 F = Levels seen in this place.
 G = Mean time per level.
                   A        B        C        D        E       F      G
               +--------+--------+--------+--------+--------+-----+--------+
         Total |   5358 |   5229 |    129 |    731 |   3168 |   6 |  893.0 |
       Dungeon |   5358 |   5229 |    129 |    731 |   3168 |   6 |  893.0 |
               +--------+--------+--------+--------+--------+-----+--------+

Top non-repeatable levels by time:
     D:5: 2906 daAuts
     D:1: 867 daAuts
     D:3: 723 daAuts
     D:2: 709 daAuts
     D:4: 76 daAuts
     D:6: 75 daAuts
